 Dungeon Crawl Stone Soup version 0.30-a0-852-g08b95dd62f (webtiles) character file.

Game seed: 867481467124336454

80 demibob the Ruffian (level 4, -2/27 HPs)
             Began as a Demonspawn Wanderer on Mar 4, 2023.
             Was a Follower of Hepliaklqana.
             Slain by Sigmund
             ... wielding a +0 scythe
              (9 damage)
             ... on level 3 of the Dungeon.
             The game lasted 00:03:06 (2314 turns).

demibob the Ruffian (Demonspawn Wanderer)           Turns: 2314, Time: 00:03:07

Health: -2/27      AC:  3    Str: 13    XL:     4   Next: 18%
Magic:  7/7        EV: 12    Int: 17    God:    Hepliaklqana [*.....]
Gold:   140        SH:  0    Dex: 10    Spells: 5/7 levels left

rFire   + . .      SeeInvis .      - Unarmed
rCold   . . .      Faith    .    (no shield)
rNeg    . . .      Spirit   .    c - +0 robe
rPois   .          Reflect  .    (no helmet)
rElec   .          Rampage  .    (no cloak)
rCorr   .                        (no gloves)
Will    .....                    d - +0 pair of boots
Stlth   +                        (no amulet)
HPRegen 0.24/turn                F - ring of protection from fire
MPRegen 0.20/turn                (no ring)

@: no status effects
A: reduced essence, magic regeneration
a: Renounce Religion, Recall Ancestor, Ancestor Identity


You were on level 3 of the Dungeon.
You worshipped Hepliaklqana.
Hepliaklqana was aware of your devotion.
You visited 1 branch of the dungeon, and saw 3 of its levels.

You collected 140 gold pieces.


Innate Abilities, Weirdness & Mutations

Your life essence is reduced to manifest your ancestor. (-10% HP)
You regenerate magic rapidly.


   Skills:
 - Level 1.0 Armour
 - Level 1.7 Dodging
 + Level 3.5 Unarmed Combat
 - Level 2.0 Spellcasting
 - Level 3.2 Necromancy
 - Level 1.0 Poison Magic
 - Level 1.0 Evocations


You had 5 spell levels left.
You knew the following spells:

 Your Spells              Type           Power      Damage    Failure   Level
p - Poisonous Vapours     Pois/Air       6%         N/A       24%         2

Your spell library contained the following spells:

 Spells                   Type           Power      Damage    Failure   Level
 Necrotise                Necr           48%        1d6       4%          1
 Kiss of Death            Conj/Necr      28%        2d7       10%         1
 Cigotuvi's Dreadful Rot  Necr/Pois/Air  12%        N/A       16%         2
 Dispel Undead            Necr           12%        3d9       45%         4
 Iskenderun's Battlesphe  Conj           1%         2d6       99%         5
 Iron Shot                Conj/Erth      0%         9d1       100%        6
 Spellforged Servitor     Conj/Summ      0%         N/A       100%        7

Inventory:

Hand Weapons
 a - a +1 club
Armour
 c - a +0 robe (worn)
 d - a +0 pair of boots (worn)
Jewellery
 F - a ring of protection from fire (left hand)
Scrolls
 b - a scroll of teleportation {@r2}
 i - a scroll of summoning
 j - a scroll of identify {@r1}
Potions
 e - a potion of curing {@q1}
 f - a potion of heal wounds {unknown}
 g - a potion of ambrosia
 h - a potion of brilliance {unknown}
 k - 2 potions of flight {unknown}
 l - a potion of mutation {unknown}

Dungeon Overview and Level Annotations

Branches:
Dungeon (3/15)

Altars:
Hepliaklqana
Nemelex Xobeh
Qazlal
Ru

Annotations:
D:3 Sigmund

#.#.... # .▒.░
#.....#. . ▒..░.
#...... ▒.▒ .▒...▒.
#....#
▒.▒+▒.....▒##....#
▒.▒.....⚑.▒.......#
..+........▒.....#
..▒.......▒....#R#
..#.....░.<#.###@#
........░..#†# #@#
........░....# ...
.....##.░..###...?.
.....##....# #......
.....##....# #....#!#
.....##.P.........#.#
.....##.P........## !
.....##.P.......


You could see the friendly Akiya the ancestor and Sigmund (ally target).


Message History

Sigmund is severely wounded.
Sigmund closely misses you.
You barely miss Sigmund.
Sigmund is severely wounded.
You hit Sigmund but do no damage.
Sigmund is severely wounded.
Sigmund closely misses you.
You closely miss Sigmund.
Sigmund is severely wounded.
You hit Sigmund.
Sigmund is severely wounded.
Sigmund casts a spell at you. The puff of flame hits you. You resist.
You closely miss Sigmund.
Sigmund is severely wounded.
Sigmund barely misses you.
You barely miss Sigmund.
Sigmund is severely wounded.
Sigmund hits you with a +0 scythe!
* * * LOW HITPOINT WARNING * * *
You closely miss Sigmund. You punch Sigmund.
Sigmund is severely wounded.
You hit Sigmund.
Sigmund is almost dead.
Sigmund hits you with a +0 scythe.
* * * LOW HITPOINT WARNING * * *
You hit Sigmund but do no damage.
Sigmund is almost dead.
Sigmund hits you with a +0 scythe!
You die...

Skill      XL: |  1  2  3 |
---------------+----------+-----
Unarmed Combat | 1 2 3 |  3.5
Armour         | |  1.0
Dodging        | |  1.7
Spellcasting   | |  2.0
Necromancy     | |  3.2
Poison Magic   | |  1.0
Evocations     | |  1.0

Action                     |  1- 3 |  4- 6 || total
---------------------------+-------+-------++-------
  Melee: Club              |    36 |       ||    36
         Unarmed           |   189 |    44 ||   233
         Punch             |     2 |     1 ||     3
    Use: Potion            |     1 |       ||     1
         Scroll            |     7 |     1 ||     8
   Stab: Sleeping          |     1 |       ||     1
 Armour: Skin              |    26 |       ||    26
         Robe              |    48 |     3 ||    51
  Dodge: Dodged            |   161 |    17 ||   178

Levels and vault maps discovered:
D:1:      tarquinn_simple_flora_water_f, layout_basic
D:2:      layout_loops_corners, serial_glass, glass_columns_a, glass_columns_a,
          shapermc_ecumenical_altar_mp_ritualfount,
          wander_ebering_terrifying_dragon_lair
D:3:      layout_basic, nicolae_overflow_hidden_temple,
          mainiacjoe_overflow_boulevard, serial_bayou_pond_a,
          corexii_hall_statues_l, kennysheep_generic_room_10, uniq_sigmund

Notes
Turn   | Place    | Note
-------+----------+-------------------------------------------
     0 | D:1      | demibob the Demonspawn Wanderer began the quest for the
                  | Orb.
     0 | D:1      | demibob set off with the following items: a +0 club, a
                  | potion of lignification, a +0 robe, a +0 pair of boots; and
                  | the following spells available to memorise: Necrotise, Kiss
                  | of Death, Cigotuvi's Dreadful Rot, Poisonous Vapours,
                  | Dispel Undead.
     0 | D:1      | Reached XP level 1. HP: 13/13 MP: 3/3
   114 | D:1      | Reached skill level 1 in Unarmed Combat
   188 | D:1      | Gained mutation: You regenerate magic rapidly. [demonic
                  | ancestry]
   188 | D:1      | Reached XP level 2. HP: 14/19 MP: 5/5
   218 | D:1      | Learned a level 2 spell: Poisonous Vapours
   444 | D:1      | Reached skill level 2 in Unarmed Combat
  1093 | D:2      | Reached XP level 3. HP: 6/24 MP: 6/6
  1381 | D:2      | Reached skill level 3 in Unarmed Combat
  1839 | D:2      | Found a faded altar of an unknown god.
  1882 | D:2      | Reached XP level 4. HP: 28/30 MP: 7/7
  1899 | D:2      | Prayed at the altar of an unknown god.
  1899 | D:2      | Became a worshipper of Hepliaklqana the Forgotten
  1899 | D:2      | Reached * piety under Hepliaklqana
  2211 | D:3      | Found a sacrificial altar of Ru.
  2213 | D:3      | Found a sparkling altar of Nemelex Xobeh.
  2258 | D:3      | Found a stormy altar of Qazlal.
  2287 | D:3      | Noticed Sigmund
  2314 | D:3      | Slain by Sigmund

Vanquished Creatures
  2 adders (D:2)
  2 worms (D:2)
  2 dart slugs
  4 endoplasms
  2 giant cockroaches
  4 goblins
  4 hobgoblins
  5 jackals
  3 kobolds
  3 quokkas
  2 ball pythons
  8 bats
  A frilled lizard (D:2)
  4 rats
46 creatures vanquished.

Vanquished Creatures (collateral kills)
  A dart slug (D:3)
1 creature vanquished.

Vanquished Creatures (others)
  A fungus (D:2)
  A plant (D:2)
2 creatures vanquished.

Grand Total: 49 creatures vanquished

Table legend: (Time is in decaauts)
 A = Elapsed time spent in this place.
 B = Non-inter-level travel time spent in this place.
 C = Inter-level travel time spent in this place.
 D = Time resting spent in this place.
 E = Time spent auto-exploring this place.
 F = Levels seen in this place.
 G = Mean time per level.
                   A        B        C        D        E       F      G
               +--------+--------+--------+--------+--------+-----+--------+
         Total |   2315 |   2265 |     50 |      7 |   1808 |   3 |  771.7 |
       Dungeon |   2315 |   2265 |     50 |      7 |   1808 |   3 |  771.7 |
               +--------+--------+--------+--------+--------+-----+--------+

Top non-repeatable levels by time:
     D:2: 1156 daAuts
     D:1: 1037 daAuts
     D:3: 121 daAuts

Table legend:
 A = Non-vault XP
 B = Vault XP
 C = Vault XP percentage of total XP
 D = Non-vault monster count
 E = Vault monster count
 F = Vault count percentage of total count
                 A         B        C        D         E       F
            +---------+---------+-------+---------+---------+-------
      Total |     114 |       1 |   0.9 |      46 |       1 |   2.1
            +---------+---------+-------+---------+---------+-------
        D:1 |      36 |       0 |   0.0 |      21 |       0 |   0.0
        D:2 |      71 |       1 |   1.4 |      22 |       1 |   4.3
        D:3 |       7 |       0 |   0.0 |       3 |       0 |   0.0
            +---------+---------+-------+---------+---------+-------
